 Dungeon Crawl Stone Soup version 0.29-a0-284-gf9362112df (webtiles) character file.

Game seed: 15677180283550807495

548 Sweetruy1997 the Chopper (level 7, -6/73 HPs)
             Began as a Demonspawn Chaos Knight on Mar 23, 2022.
             Was a Plaything of Xom.
             Mangled by a steelbarb worm (glowing shapeshifter) (13 damage)
             ... on level 5 of the Dungeon.
             The game lasted 00:11:08 (3894 turns).

Sweetruy1997 the Chopper (Demonspawn Chaos Knight)  Turns: 3894, Time: 00:11:09

Health: -6/73      AC: 23    Str: 17 (18) XL:     7   Next: 7%
Magic:  0/8        EV:  2    Int: 20      God:    Xom [.*....]
Gold:   201        SH:  0    Dex: 17 (18) Spells: 3/7 levels left

rFire   + + .      SeeInvis .   r - +6 hand axe "Zeubuas" {spect, rF+ rC- Int+4 Dex+4}
rCold   x x .      Faith    .   u - +0 buckler
rNeg    . . .      Spirit   +   (body armour currently unavailable)
rPois   +          Reflect  .   (helmet currently unavailable)
rElec   .          Harm     .   (cloak currently unavailable)
rCorr   .          Rampage  .   (gloves currently unavailable)
Will    .....      NoTele   +   (boots currently unavailable)
Stlth   +.........              g - amulet of regeneration
HPRegen 1.02/turn               e - ring of fire
MPRegen 0.22/turn               n - +6 ring of strength

@: confused, tree-form, spiked
A: stationary, stasis, torment immunity, boosted hp, (hooves 2), magic shield,
magic regeneration, (weakness stinger 2), clever 1, deterioration 1, frail 1,
screaming 1, wild magic 1
a: Renounce Religion


You were on level 5 of the Dungeon.
You worshipped Xom.
You were a plaything of Xom.
You were a tree.
You visited 1 branch of the dungeon, and saw 5 of its levels.

You collected 243 gold pieces.
You spent 42 gold pieces at shops.

Inventory:

Hand Weapons
 a - a +2 hand axe of chaos
 r - the +6 hand axe "Zeubuas" (weapon) {spect, rF+ rC- Int+4 Dex+4}
   (Xom gifted it to you on level 3 of the Dungeon)

   When its wielder attacks, the weapon's spirit leaps out and strikes again.
   The spirit shares a part of any damage it takes with its wielder.
   Int:       It affects your intelligence (+4).
   Dex:       It affects your dexterity (+4).
   rF:        It protects you from fire.
   rC:        It makes you vulnerable to cold.
 t - the +12 dagger of Ytiov {freeze, Dex+4}
   (You found it on level 3 of the Dungeon)

   It freezes those it strikes, dealing additional cold damage.
   It can also slow down cold-blooded creatures.
   Dex:       It affects your dexterity (+4).
Armour
 b - a +2 leather armour (melded)
 m - a scarf of repulsion (melded)
 u - a +0 buckler (worn)
Jewellery
 e - a ring of fire (left branch)
 g - an amulet of regeneration (around neck)
 n - a +6 ring of strength (right branch)
Wands
 v - a wand of digging (7)
Scrolls
 i - a scroll of magic mapping {unknown}
 j - a scroll of teleportation
Potions
 d - 2 potions of ambrosia
 f - 4 potions of curing
 k - a potion of cancellation
 o - a potion of magic {unknown}
 q - a potion of degeneration {unknown}
 s - a potion of flight {unknown}
Miscellaneous
 c - a piece from Xom's chessboard (7/15) (quivered)


   Skills:
 + Level 4.7 Fighting
 + Level 5.0 Axes
 - Level 2.0 Armour
 - Level 1.0 Dodging
 + Level 2.4 Stealth
 + Level 0.8 Spellcasting
 + Level 0.3 Conjurations
 + Level 1.0 Transmutations
 + Level 0.2 Air Magic
 + Level 1.0 Poison Magic
 + Level 1.8 Evocations


You had 3 spell levels left.
You knew the following spells:

 Your Spells              Type           Power      Damage    Failure   Level
a - Sting                 Tmut/Pois      24%        1d4       22%         1
b - Shock                 Conj/Air       8%         1d3       30%         1
c - Poisonous Vapours     Pois/Air       8%         N/A       36%         2

Your spell library contained the following spells:

 Spells                   Type           Power      Damage    Failure   Level
 Swiftness                Air            2%         N/A       63%         3
 Olgreb's Toxic Radiance  Pois           6%         N/A       88%         4
 Airstrike                Air            1%         N/A       95%         4


Dungeon Overview and Level Annotations

Branches:
Dungeon (5/15)             Temple (0/1) D:4

Altars:
Uskayaw

Shops:
D:1 *


Innate Abilities, Weirdness & Mutations

You are a tree.
Your roots penetrate the ground, keeping you stationary.
You cannot be teleported.
You are immune to unholy pain and torment.
Your maximum health is greatly increased.
Your equipment is partially melded.
((You have hoof-like feet.))
When hurt, damage is shared between your health and your magic reserves.
You regenerate magic rapidly.
((You have a tail ending in a sharp stinger.))
Your mind is acute. (Int +2)
Your body sometimes deteriorates upon taking damage.
You are frail. (-10% HP)
You occasionally shout uncontrollably at your foes.
Your spells are a little harder to cast, but a little more powerful.


Message History

You slash the komodo dragon!
The komodo dragon is heavily wounded.
The komodo dragon bites you!
You hit the komodo dragon but do no damage.
The komodo dragon is heavily wounded.
The komodo dragon changes into a death drake!
You slash the death drake!
The death drake is moderately wounded.
The death drake changes into a steelbarb worm!
You hit the steelbarb worm but do no damage.
The steelbarb worm is lightly wounded.
The steelbarb worm hits you but does no damage.
An iguana comes into view.
The iguana hisses angrily.
You hit the steelbarb worm.
The steelbarb worm is lightly wounded.
The steelbarb worm barely misses you.
You hit the steelbarb worm but do no damage.
The steelbarb worm is lightly wounded.
The steelbarb worm hits you but does no damage.
An orc comes into view. It is wielding a +0 vampiric trident.
The steelbarb worm completely misses you.
You hit the steelbarb worm.
The steelbarb worm is lightly wounded.
You block the steelbarb worm's attack.
You hit the steelbarb worm.
The steelbarb worm is lightly wounded.
The steelbarb worm hits you!
Barbed spikes become lodged in your body.
You hit the steelbarb worm.
The steelbarb worm is moderately wounded.
Xom titters.
You are confused.
You are now a plaything of Xom.
The steelbarb worm hits you!!
* * * LOW HITPOINT WARNING * * *
Barbed spikes become lodged in your body.
The orc hits you but does no damage. The steelbarb worm hits you!
You die...
Xom bursts into laughter!

#.......## # #........
..# ####. #......# #.#
.....###......# #.#
..............# #.#
#.....(....########.#
#..###lo..........<.#.#
# #w#..##.########.# #.
#♣#.....†.........
#.##.##.........###.#
#...............'.#.#
#..#.#..........#.#.#
#....#...#(######.#.#
#.#..#...#.# #.#.#
#.#..#...#.# #.#.# #
#..##.##.# #.#.# #...
#.#.#


You could see a steelbarb worm shaped shifter, an iguana and an orc.

Vanquished Creatures
  A sky beast (D:5)
  3 scorpions
  A necrophage (D:4)
  Jessica (D:2)
  An iguana (D:5)
  An orc wizard (D:4)
  6 adders
  2 worms
  3 dart slugs
  3 orcs (D:4)
  5 ball pythons
  6 bats
  5 endoplasms
  5 giant cockroaches
  9 goblins
  9 hobgoblins
  3 jackals (D:2)
  2 quokkas (D:2)
  A frilled lizard (D:2)
  3 kobolds
  3 rats
73 creatures vanquished.

Notes
Turn   | Place    | Note
-------+----------+-------------------------------------------
     0 | D:1      | Sweetruy1997 the Demonspawn Chaos Knight began the quest
                  | for the Orb.
     0 | D:1      | Reached XP level 1. HP: 18/18 MP: 1/1
    57 | D:1      | XOM: silly message
   344 | D:1      | XOM: 2-stop teleportation journey
   386 | D:1      | You fall into a shaft and drop 1 floor!
   395 | D:2      | Reached skill level 3 in Axes
   395 | D:2      | Discovered your monstrous ancestry.
   395 | D:2      | Gained mutation: You have a small tail. [demonic ancestry]
   395 | D:2      | Reached XP level 2. HP: 24/24 MP: 2/2
   490 | D:2      | Found a hide-covered altar of Uskayaw.
   495 | D:2      | Reached skill level 1 in Dodging
   624 | D:2      | Found a faded altar of an unknown god.
   848 | D:2      | XOM: fog
   852 | D:2      | Gained mutation: You have large cloven feet. [demonic
                  | ancestry]
   852 | D:2      | Reached XP level 3. HP: 22/29 MP: 3/3
   884 | D:2      | XOM: 2-stop teleportation journey
  1005 | D:2      | Learned a level 1 spell: Sting
  1103 | D:1      | XOM: give mutations
  1103 | D:1      | Gained mutation: Your spells are a little harder to cast,
                  | but a little more powerful. [Xom's grace]
  1103 | D:1      | Gained mutation: You are agile. (Dex +2) [Xom's grace]
  1103 | D:1      | Gained mutation: You are somewhat resistant to further
                  | mutation. [Xom's grace]
  1109 | D:1      | XOM: give mutations
  1109 | D:1      | Gained mutation: Armour fits poorly on your strangely
                  | shaped body. [Xom's mischief]
  1109 | D:1      | Lost mutation: Armour fits poorly on your strangely shaped
                  | body. [Xom's mischief]
  1109 | D:1      | Lost mutation: Your spells are a little harder to cast, but
                  | a little more powerful. [Xom's mischief]
  1109 | D:1      | Lost mutation: You are agile. (Dex +2) [Xom's mischief]
  1117 | D:1      | Found Cuguy's General Store.
  1121 | D:1      | Bought a potion of curing for 42 gold pieces
  1136 | D:1      | XOM: give mutations
  1136 | D:1      | Gained mutation: You are frail. (-10% HP) [Xom's mischief]
  1136 | D:1      | Gained mutation: You occasionally shout uncontrollably at
                  | your foes. [Xom's mischief]
  1136 | D:1      | Lost mutation: You are somewhat resistant to further
                  | mutation. [Xom's mischief]
  1136 | D:1      | Gained mutation: Your mind is acute. (Int +2) [Xom's
                  | mischief]
  1637 | D:2      | XOM: noise
  1643 | D:2      | Gained mutation: You have hoof-like feet. [demonic
                  | ancestry]
  1643 | D:2      | Reached XP level 4. HP: 21/33 MP: 4/4
  1659 | D:2      | Noticed Jessica
  1686 | D:2      | Killed Jessica
  1687 | D:2      | Reached skill level 1 in Stealth
  1694 | D:2      | XOM: stat loss: -1 Dex (13/14)
  1750 | D:2      | XOM: swap monsters
  2332 | D:3      | XOM: 2-stop teleportation journey
  2392 | D:3      | XOM: noise
  2578 | D:3      | XOM: give mutations
  2578 | D:3      | Gained mutation: Armour fits poorly on your strangely
                  | shaped body. [Xom's mischief]
  2578 | D:3      | Gained mutation: You are weak. (Str -2) [Xom's mischief]
  2578 | D:3      | Gained mutation: You are clumsy. (Dex -2) [Xom's mischief]
  2626 | D:3      | Learned a level 1 spell: Shock
  2667 | D:3      | Identified the +6 hand axe "Zeubuas" {spect, rF+ rC- Int+4
                  | Dex+4} (Xom gifted it to you on level 3 of the Dungeon)
  2667 | D:3      | XOM: god gift: +6 hand axe "Zeubuas" {spect, rF+ rC- Int+4
                  | Dex+4}
  2729 | D:3      | Identified the +12 dagger of Ytiov {freeze, Dex+4}
  3157 | D:4      | Gained mutation: You regenerate magic rapidly. [demonic
                  | ancestry]
  3157 | D:4      | Reached XP level 5. HP: 36/37 MP: 5/5
  3167 | D:4      | Reached skill level 4 in Axes
  3167 | D:4      | Reached skill level 1 in Evocations
  3187 | D:4      | Found a staircase to the Ecumenical Temple.
  3187 | D:4      | XOM: 7-stop teleportation journey
  3188 | D:4      | Lost mutation: You are clumsy. (Dex -2) [potion of
                  | mutation]
  3188 | D:4      | Lost mutation: You are weak. (Str -2) [potion of mutation]
  3188 | D:4      | Gained mutation: You sometimes lose the ability to read
                  | scrolls when taking damage. [potion of mutation]
  3189 | D:4      | Lost mutation: You sometimes lose the ability to read
                  | scrolls when taking damage. [potion of mutation]
  3189 | D:4      | Lost mutation: Armour fits poorly on your strangely shaped
                  | body. [potion of mutation]
  3189 | D:4      | Gained mutation: Your spells are a little harder to cast,
                  | but a little more powerful. [potion of mutation]
  3189 | D:4      | Gained mutation: Your muscles are strong. (Str +2) [potion
                  | of mutation]
  3445 | D:4      | XOM: give mutations
  3445 | D:4      | Gained mutation: You are clumsy. (Dex -2) [Xom's mischief]
  3445 | D:4      | Lost mutation: You are clumsy. (Dex -2) [Xom's mischief]
  3445 | D:4      | Gained mutation: Your body sometimes deteriorates upon
                  | taking damage. [Xom's mischief]
  3445 | D:4      | Lost mutation: Your muscles are strong. (Str +2) [Xom's
                  | mischief]
  3512 | D:4      | Gained mutation: When hurt, damage is shared between your
                  | health and your magic reserves. [demonic ancestry]
  3512 | D:4      | Reached XP level 6. HP: 44/44 MP: 6/6
  3513 | D:4      | Reached skill level 1 in Transmutations
  3672 | D:4      | Learned a level 2 spell: Poisonous Vapours
  3686 | D:5      | Entered Level 5 of the Dungeon
  3817 | D:5      | XOM: smoke on damage
  3848 | D:5      | Noticed a sky beast
  3851 | D:5      | XOM: chaos cloud
  3859 | D:5      | XOM: confuse monster(s)
  3868 | D:5      | Killed a sky beast
  3869 | D:5      | Reached skill level 1 in Poison Magic
  3869 | D:5      | Gained mutation: You have a tail ending in a sharp stinger.
                  | [demonic ancestry]
  3869 | D:5      | Reached XP level 7. HP: 36/49 MP: 5/8
  3871 | D:5      | Noticed a glowing shapeshifter
  3871 | D:5      | a howler monkey changed into a glowing shapeshifter
  3871 | D:5      | XOM: polymorph howler monkey -> glowing shapeshifter
  3871 | D:5      | Noticed a faun
  3871 | D:5      | a glowing shapeshifter changed into a faun
  3875 | D:5      | Noticed an orb spider
  3875 | D:5      | a faun changed into an orb spider
  3879 | D:5      | XOM: stat loss: -1 Dex (17/18)
  3881 | D:5      | Noticed a komodo dragon
  3881 | D:5      | an orb spider changed into a komodo dragon
  3883 | D:5      | Reached skill level 5 in Axes
  3887 | D:5      | Noticed a death drake
  3887 | D:5      | a komodo dragon changed into a death drake
  3888 | D:5      | Noticed a steelbarb worm
  3888 | D:5      | a death drake changed into a steelbarb worm
  3894 | D:5      | XOM: confusion
  3894 | D:5      | Mangled by a steelbarb worm (glowing shapeshifter)

Illustrated notes

Levels and vault maps discovered:
D:1:      dpeg_arrival_renting, layout_basic, serial_shops, shop
D:2:      minmay_angry_zag, layout_loops_ring, basic_altar,
          nicolae_ecumenical_oubliette, serial_park_tiny_1,
          minmay_increasing_density, uniq_jessica
D:3:      layout_basic, serial_glass, glass_columns_a, glass_columns_b,
          glass_columns_b, glass_columns_b, glass_columns_b, kennysheep_boxes
D:4:      layout_rooms, minmay_temple_entry_waves, minmay_misc_feat_nine_boxes
D:5:      layout_basic, lemuel_tele_altar

Skill      XL: |  1  2  3  4  5  6  7 |
---------------+----------------------+-----
Axes           | 3 4 5 |  5.0
Dodging        | 1 |  1.0
Armour         | 2 |  2.0
Stealth        | 1 2 |  2.4
Fighting       | 4 |  4.7
Evocations     | 1 |  1.8
Transmutations | 1 |  1.0
Poison Magic   | 1 |  1.0
Spellcasting   | |  0.8
Conjurations   | |  0.3
Air Magic      | |  0.2

Action                   |  1- 3 |  4- 6 |  7- 9 || total
-------------------------+-------+-------+-------++-------
Melee: Hand axe          |    85 |    59 |    19 ||   163
       Tailslap          |     7 |     8 |     2 ||    17
       Kick              |     6 |    16 |       ||    22
       Punch             |     2 |     1 |       ||     3
 Cast: Sting             |     3 |     2 |       ||     5
       Shock             |       |     1 |       ||     1
Evoke: Piece from Xom's  |     8 |    14 |       ||    22
  Use: Scroll            |       |     4 |     3 ||     7
       Potion            |       |     2 |     1 ||     3
 Stab: Paralysed         |     3 |       |       ||     3
       Sleeping          |     1 |       |       ||     1
       Distracted        |       |     1 |       ||     1
Armor: Leather armour    |    37 |    12 |     1 ||    50
       Skin              |       |       |     6 ||     6
Dodge: Dodged            |    52 |    16 |     3 ||    71
Block: Buckler           |       |     1 |     2 ||     3

Table legend: (Time is in decaauts)
 A = Elapsed time spent in this place.
 B = Non-inter-level travel time spent in this place.
 C = Inter-level travel time spent in this place.
 D = Time resting spent in this place.
 E = Time spent auto-exploring this place.
 F = Levels seen in this place.
 G = Mean time per level.
                   A        B        C        D        E       F      G
               +--------+--------+--------+--------+--------+-----+--------+
         Total |   3913 |   3844 |     69 |     40 |   3192 |   5 |  782.6 |
       Dungeon |   3913 |   3844 |     69 |     40 |   3192 |   5 |  782.6 |
               +--------+--------+--------+--------+--------+-----+--------+

Top non-repeatable levels by time:
     D:2: 1293 daAuts
     D:1: 929 daAuts
     D:3: 916 daAuts
     D:4: 563 daAuts
     D:5: 211 daAuts
